 Dungeon Crawl Stone Soup version 0.28.0-53-g5a82cb258f (webtiles) character file.

Game seed: 5017198432017801099

2348 DungeonMaster the Destroyer (level 9, -3/57 HPs)
             Began as a Demonspawn Hedge Wizard on July 3, 2022.
             Was an Initiate of Gozag.
             Slain by Maggie
             ... wielding a +3 vorpal broad axe
              (6 damage)
             ... on level 8 of the Dungeon.
             The game lasted 00:17:37 (9984 turns).

DungeonMaster the Destroyer (DsWz)                  Turns: 9984, Time: 00:17:38

Health: -3/57      AC:  8    Str: 16    XL:     9   Next: 20%
Magic:  2/18       EV: 11    Int: 20    God:    Gozag
Gold:   389        SH:  4    Dex: 13    Spells: 15/21 levels left

rFire   x . .      SeeInvis +   a - +9 whip "Cumenen" {freeze, rPois rF- rC+ SInv}
rCold   + + .      Faith    .   (no shield)
rNeg    . . .      Spirit   .   c - +1 leather armour
rPois   +          Reflect  .   p - +0 helmet
rElec   .          Harm     .   (no cloak)
rCorr   .          Rampage  .   r - +2 pair of gloves
Will    .....                   (no boots)
Stlth   ++........              (no amulet)
HPRegen 0.19/turn               o - ring of protection from cold
MPRegen 0.16/turn               q - +6 ring of strength

@: no status effects
A: large bone plates 1, foul stench 1, demonic magic 1, weakness stinger 1
a: Renounce Religion, Potion Petition, Call Merchant, Bribe Branch


You were on level 8 of the Dungeon.
You worshipped Gozag.
Gozag was aware of your devotion.
You visited 2 branches of the dungeon, and saw 9 of its levels.

You collected 542 gold pieces.
You paid 153 gold pieces to Gozag.

Inventory:

Hand Weapons
 a - the +9 whip "Cumenen" (weapon) {freeze, rPois rF- rC+ SInv}
   (You found it on level 4 of the Dungeon)

   It freezes those it strikes, dealing additional cold damage.
   It can also slow down cold-blooded creatures.
   rF:        It makes you vulnerable to fire.
   rC:        It protects you from cold.
   rPois:     It protects you from poison.
   SInv:      It lets you see invisible.
 s - a +1 trident of venom
Missiles
 d - 10 sling bullets
 f - 238 stones
 g - 96 arrows
 h - 84 bolts
 j - 6 poisoned darts
 w - 3 boomerangs
 z - 7 silver boomerangs
 B - 2 javelins
Armour
 c - a +1 leather armour (worn)
 m - a +0 ring mail
 p - a +0 helmet (worn)
 r - a +2 pair of gloves (worn)
Jewellery
 e - a ring of see invisible
 i - a ring of protection from fire
 l - a ring of protection from cold
 o - a ring of protection from cold (left hand)
 q - a +6 ring of strength (right hand)
 C - a ring of wizardry
 D - a +6 ring of dexterity
Wands
 v - a wand of acid (6)
Scrolls
 t - 6 scrolls of teleportation
 y - 2 scrolls of blinking
Potions
 b - a potion of invisibility
 k - 6 potions of curing
 n - a potion of heal wounds {unknown}
 u - a potion of berserk rage {unknown}
 x - 3 potions of haste
 A - a potion of lignification {unknown}
 E - 2 potions of might {unknown}
 F - a potion of attraction {unknown}


   Skills:
 - Level 1.7 Dodging
 - Level 1.7 Stealth
 - Level 6.5 Spellcasting
 * Level 8.0 Conjurations
 - Level 1.0 Summonings
 - Level 0.8 Translocations
 * Level 4.2 Air Magic
 * Level 4.6 Poison Magic


You had 15 spell levels left.
You knew the following spells:

 Your Spells              Type           Power      Damage    Failure   Level
a - Magic Dart            Conj           100%       1d8       1%          1
b - Blink                 Tloc           18%        N/A       13%         2
d - Mephitic Cloud        Conj/Pois/Air  29%        N/A       3%          3

Your spell library contained the following spells:

 Spells                   Type           Power      Damage    Failure   Level
 Conjure Flame            Conj/Fire      22%        6-21      7%          3
 Slow                     Hex            24%        N/A       12%         1
 Call Imp                 Summ           10%        N/A       12%         2


Dungeon Overview and Level Annotations

Branches:
Dungeon (8/15)             Temple (1/1) D:7
   Lair: D:8-11

Altars:
Cheibriados
Dithmenos
Elyvilon
Fedhas
Gozag
Kikubaaqudgha
Makhleb
Okawaru
Qazlal
Ru
Sif Muna
Trog
Vehumet
Wu Jian
Xom
Yredelemnul
Zin
The Shining One

Shops:
D:1 *   D:2 !   D:4 (

Annotations:
D:3 Sigmund
D:5 exclusions: downstairs and 1 more exclusion
D:8 Maggie


Innate Abilities, Weirdness & Mutations

You are partially covered in large bone plates. (SH +4)
You may rarely emit foul miasma when damaged in melee.
Spells you cast may paralyse adjacent enemies.
You have a small tail.


Message History

The ball explodes into a vile cloud!
The stinking cloud engulfs the orc warrior but does no damage.
Malevolent energies surge around you.
The orc is engulfed in noxious fumes.
The orc appears confused.
The orc wizard gestures wildly while chanting.
The orc wizard flickers and vanishes for a moment.
The orc warrior is engulfed in noxious fumes.
The orc warrior appears confused.
Casting: Mephitic Cloud (dangerous; 3% risk of failure)
Confirm with . or Enter, or press ? or * to list all spells.
Aiming: Mephitic Cloud (dangerous; 3% risk of failure)
Press: ? - help, Shift-Dir - straight line, f/p - orc warrior
Aim: an orc warrior, wielding a +0 battleaxe and wearing a +0 chain mail (noxious fumes, confused, chance to affect: 81%)
The ball explodes into a vile cloud!
The stinking cloud engulfs Maggie but does no damage.
Maggie is lightly wounded.
The stinking cloud engulfs you but does no damage.
Malevolent energies surge around you.
Maggie suddenly stops moving!
The orc is engulfed in noxious fumes.
The orc appears confused.
The orc warrior is engulfed in noxious fumes.
The orc warrior appears confused.
The helpless Maggie fails to defend herself.
You hit Maggie. You freeze Maggie. You tail-slap Maggie.
Maggie is moderately wounded.
The orc is engulfed in noxious fumes.
The orc wizard is engulfed in noxious fumes.
The orc warrior is engulfed in noxious fumes.
The orc is engulfed in noxious fumes.
The orc appears confused.
The helpless Maggie fails to defend herself.
You hit Maggie. You freeze Maggie. You tail-slap Maggie.
Maggie is heavily wounded.
Maggie is no longer paralysed.
Maggie closely misses you.
A wight comes into view. It is wielding a +0 halberd.
The orc is engulfed in noxious fumes.
The orc appears confused.
You barely miss Maggie.
Maggie is heavily wounded.
Maggie hits you with a +3 vorpal broad axe!!
* * * LOW HITPOINT WARNING * * *
You die...
Your body crumbles into a pile of gold.

#......# ... ... ......
... ...... ....z ......
.....
########......##+##.°°$.
.................☼o°o°
................°@o#
................@.○#
...................# $
...................#
#'####.............#
.....#.............#
.....#.............#
.....#........######
.....#........#
.....#........#


You could see Maggie, an orc warrior (confused), a wight, an orc wizard
(invisible) and an orc (confused).

Vanquished Creatures
  A water moccasin (D:6)
  2 ice beasts
  2 orc warriors
  An ogre (D:6)
  A centaur (D:5)
  A phantom (D:4)
  5 bullfrogs
  A gnoll sergeant (D:6)
  3 scorpions
  A water moccasin zombie (D:5)
  A wyvern skeleton (D:6)
  6 killer bees (D:7)
  2 howler monkeys
  A bullfrog zombie (D:6)
  2 hounds
  A gnoll shaman (D:5)
  2 orc priests
  2 iguanas
  5 orc wizards
  A killer bee zombie (D:6)
  A hound zombie (D:5)
  A howler monkey zombie (D:8)
  A howler monkey skeleton (D:7)
  6 adders
  5 gnolls
  A white imp (D:6)
  An ufetubus (D:7)
  2 worms (D:3)
  33 orcs
  3 ball pythons
  5 endoplasms
  A giant cockroach (D:2)
  3 goblins
  4 hobgoblins
  2 jackals (D:3)
  3 kobolds
  5 quokkas
  4 bats
  6 frilled lizards
  9 rats
137 creatures vanquished.

Vanquished Creatures (others)
  25 plants
25 creatures vanquished.

Grand Total: 162 creatures vanquished

Notes
Turn   | Place    | Note
-------+----------+-------------------------------------------
     0 | D:1      | DungeonMaster the Demonspawn Hedge Wizard began the quest
                  | for the Orb.
     0 | D:1      | Reached XP level 1. HP: 13/13 MP: 4/4
   683 | D:1      | Found Fueletan's General Store.
   738 | D:1      | Gained mutation: You are partially covered in large bone
                  | plates. (SH +4) [demonic ancestry]
   738 | D:1      | Reached XP level 2. HP: 19/19 MP: 0/6
  1715 | D:2      | Reached skill level 2 in Conjurations
  2037 | D:2      | Reached XP level 3. HP: 23/24 MP: 0/8
  2106 | D:2      | Found Uwif's Distillery.
  2436 | D:2      | Gained mutation: Spells you cast may paralyse adjacent
                  | enemies. [demonic ancestry]
  2436 | D:2      | Reached XP level 4. HP: 12/30 MP: 0/9
  3197 | D:3      | Reached skill level 3 in Conjurations
  3302 | D:2      | Learned a level 2 spell: Blink
  3306 | D:2      | Learned a level 3 spell: Mephitic Cloud
  3533 | D:3      | Found a faded altar of an unknown god.
  3778 | D:3      | Gained mutation: You have a small tail. [demonic ancestry]
  3778 | D:3      | Reached XP level 5. HP: 35/35 MP: 6/11
  4003 | D:3      | Noticed Sigmund
  4729 | D:4      | Found Muegh's Weapon Boutique.
  4729 | D:4      | You fall into a shaft and drop 2 floors!
  4729 | D:6      | Noticed an orc warrior
  4733 | D:5      | Entered Level 5 of the Dungeon
  4796 | D:5      | Noticed an ice beast
  4819 | D:5      | Killed an ice beast
  4820 | D:5      | Reached skill level 5 in Spellcasting
  4820 | D:5      | Reached skill level 4 in Conjurations
  4820 | D:5      | Reached XP level 6. HP: 24/41 MP: 4/13
  5629 | D:5      | Reached skill level 5 in Conjurations
  5729 | D:5      | Noticed a steam dragon
  6104 | D:4      | Reached XP level 7. HP: 43/46 MP: 11/15
  6590 | D:4      | Identified the +9 whip "Cumenen" {freeze, rPois rF- rC+
                  | SInv}
  7163 | D:4      | Found a shimmering blue altar of Sif Muna.
  7660 | D:6      | Identified the +3 helmet of Hifum {-Cast Rampage rPois
                  | Regen+}
  7692 | D:6      | Reached skill level 6 in Conjurations
  8086 | D:6      | Reached skill level 1 in Air Magic
  8086 | D:6      | Reached skill level 1 in Poison Magic
  8086 | D:6      | Reached XP level 8. HP: 43/52 MP: 7/17
  8360 | D:6      | Reached skill level 7 in Conjurations
  8636 | D:6      | Found a radiant altar of Vehumet.
  8638 | D:6      | Found a blossoming altar of Fedhas.
  9137 | D:7      | Found a staircase to the Ecumenical Temple.
  9288 | D:7      | Gained mutation: You may rarely emit foul miasma when
                  | damaged in melee. [demonic ancestry]
  9288 | D:7      | Reached XP level 9. HP: 57/57 MP: 14/18
  9568 | Temple   | Entered the Ecumenical Temple
  9658 | Temple   | Became a worshipper of Gozag Ym Sagoz the Greedy
  9834 | D:8      | Reached skill level 8 in Conjurations
  9975 | D:8      | Noticed Maggie
  9984 | D:8      | Slain by Maggie

Illustrated notes

Levels and vault maps discovered:
D:1:      tarquinn_simple_flora_water_c, layout_loops_corners, serial_shops,
          nicolae_square_shop, hangedman_decor_points, serial_bayou_crossing
D:2:      layout_basic, serial_shops, shop, minmay_split_cup_small
D:3:      layout_loops_ring, dreamdust_ecumenical_altar_statues, uniq_sigmund
D:4:      layout_basic, nicolae_overflow_hidden_temple, serial_shops, shop,
          minmay_ruptured
D:5:      kennysheep_steamy, layout_basic
D:6:      layout_rooms, nicolae_overflow_crystal_walls,
          nicolae_overflow_squiral, nicolae_grassy_gnolls
D:7:      layout_rooms, minmay_temple_entry_stoned_glass,
          chequers_serial_rivers_marsh
D:8:      layout_gridville, uniq_maggie
Temple:   eino_temple_rhombus

Skill      XL: |  1  2  3  4  5  6  7  8  9 |
---------------+----------------------------+-----
Conjurations   | 2 3 4 5 6 7 8 |  8.0
Spellcasting   | 4 5 6 |  6.5
Air Magic      | 1 3 4 |  4.2
Poison Magic   | 1 4 |  4.6
Dodging        | |  1.7
Stealth        | |  1.7
Summonings     | |  1.0
Translocations | |  0.8

Action                   |  1- 3 |  4- 6 |  7- 9 || total
-------------------------+-------+-------+-------++-------
Melee: Dagger            |    14 |       |       ||    14
       Short sword       |    16 |    43 |     8 ||    67
       Tailslap          |       |     5 |    17 ||    22
       Punch             |       |     1 |     3 ||     4
       Whip              |       |       |    97 ||    97
 Cast: Magic Dart        |    77 |   105 |   181 ||   363
       Mephitic Cloud    |       |       |    15 ||    15
  Use: Scroll            |     4 |     6 |     5 ||    15
 Stab: Paralysed         |       |    29 |    40 ||    69
Armor: Robe              |     7 |     7 |    10 ||    24
       Leather armour    |       |       |    21 ||    21
Dodge: Dodged            |    48 |    29 |    54 ||   131
Block: Other             |     6 |     3 |    15 ||    24
